 Dungeon Crawl Stone Soup version 0.32-a0-32-g978bd804de (webtiles) character file.

Game seed: 8724466137983692769

84 Gargoyl the Trooper (level 4, -1/31 HPs)
             Began as a Gargoyle Berserker on Jan 20, 2024.
             Was a Believer of Trog.
             Incinerated by a bombardier beetle (6 damage)
             ... with a burning spray
             ... on level 3 of the Dungeon.
             The game lasted 00:02:12 (1465 turns).

Gargoyl the Trooper (Gargoyle Berserker)            Turns: 1465, Time: 00:02:13

Health: -1/31      AC: 15    Str: 19 (20) XL:     4   Next: 46%
Magic:  4/4        EV: 15    Int:  7 (8)  God:    Trog [**....]
Gold:   84         SH:  0    Dex:  8 (11) Spells: 3/3 levels left

rFire   . . .        a - +2 hand axe
rCold   . . .        (no shield)
rNeg    + . .        n - +1 scale mail
rPois   ∞            (helmet restricted)
rElec   +            (no cloak)
rCorr   .            (no gloves)
SInv    .            (no boots)
Will    ++...        (no amulet) Stlth
                     g - +5 ring of evasion
HPRegen 1.25/turn    i - +4 ring of protection
MPRegen 0.09/turn

%: no passive effects
@: on fire, strong-willed, on berserk cooldown, regenerating, slowed, glowing,
very slow
A: sickness immunity, AC +3, negative energy resistance 1, electricity
resistance, torment resistance 1, petrification resistance, horns 1, sense
surroundings 1, robust 1
a: Renounce Religion, Berserk, Trog's Hand


You were on level 3 of the Dungeon.
You worshipped Trog.
Trog was pleased with you.
You visited 1 branch of the dungeon, and saw 3 of its levels.

You collected 84 gold pieces.

Inventory:

Hand Weapons
 a - a +2 hand axe (weapon)
Missiles
 k - a throwing net (quivered)
Armour
 n - a +1 scale mail (worn)
Jewellery
 g - a +5 ring of evasion (left hand)
 i - a +4 ring of protection (right hand)
Scrolls
 d - 2 scrolls of teleportation
 l - a scroll of identify
Potions
 j - 2 potions of lignification {unknown}
 m - 2 potions of haste {unknown}


   Skills:
 + Level 3.8 Fighting
 + Level 3.7 Axes
 + Level 2.3 Armour
 + Level 2.2 Dodging
 + Level 1.0 Stealth


You had 3 spell levels left.
You didn't know any spells.
Your spell library was empty.

Dungeon Overview and Level Annotations

Branches:
Dungeon (3/15)

Altars:

Shops:
D:1 *

Annotations:
D:3 3 runed translucent doors, grizmgrazm2's ghost, amateur DjFE


Innate Abilities, Weirdness & Mutations

You are immune to sickness and miasma.
Your stone body is resilient. (AC +3)
You are immune to poison.
You resist negative energy. (rN+)
You are resistant to electric shocks. (rElec)
You are resistant to unholy torment.
You are immune to petrification.
You have a pair of small horns on your head.
You passively map a small area around you.
You are robust. (+10% HP)


Message History

The liquid fire burns you!
You closely miss the bombardier beetle.
The bombardier beetle is lightly wounded.
The liquid fire burns you!
* * * LOW HITPOINT WARNING * * *
The bombardier beetle bites you but does no damage.
It was a potion of curing.
You feel better. The liquid fire burns you!
The bombardier beetle barely misses you.
You feel better. The liquid fire burns you! The bombardier beetle bites you.
You hit the bombardier beetle.
The bombardier beetle is moderately wounded.
The liquid fire burns you!
The bombardier beetle completely misses you.
You hit the bombardier beetle but do no damage.
The bombardier beetle is moderately wounded.
The liquid fire burns you!
* * * LOW HITPOINT WARNING * * *
The bombardier beetle bites you.
* * * LOW HITPOINT WARNING * * *
You completely miss the bombardier beetle.
The bombardier beetle is moderately wounded.
The liquid fire burns you!
* * * LOW HITPOINT WARNING * * *
The bombardier beetle completely misses you.
It was a potion of degeneration.
There was something very wrong with that liquid.
You feel weakened.
You feel dopey.
You feel clumsy. The liquid fire burns you!
* * * LOW HITPOINT WARNING * * *
The bombardier beetle sprays incendiary fluid at you.
The burning spray hits you.
You are even more covered in liquid fire!
It was a potion of mutation.
You feel extremely strange. A pair of horns grows on your head!
You feel a strange attunement to the structure of the dungeons.
You feel robust. The liquid fire burns you!
You die...

...# #.#.# *,,,##**,****
##########.#.##*,*>.,,,,,,,*
*.....#.....##,,.#***,**,*
*(...:#......##..# *,**,*
*..♣..+.......#..# *,**,*
*(....+.†........# *,**,*
*...(.+.......##.# *,**,**
*.(..W#......###.# *,,,,,*
*.♣.=(#.......@B.# *,***,*
***#####....#######***,* *,*
*,,,,,......# **,*,***,*
*****.#...#.# *,,,,,,,,*
*****#...###.# **,***,***
,,,,,,.#.,,.># *,* *,*
*****,,*,***,* ******,* *,*
*****,,*,***,***,,,,,,* *,*
,,,,,,,*,**,,,**,********,*


You could see a bombardier beetle.

Vanquished Creatures
  3 adders
  A ribbon worm (D:3)
  3 dart slugs
  An orc (D:2)
  4 endoplasms
  4 giant cockroaches
  6 goblins
  3 hobgoblins
  3 kobolds
  2 quokkas (D:1)
  2 ball pythons
  4 bats
  7 frilled lizards
  2 rats
45 creatures vanquished.

Notes
Turn   | Place    | Note
-------+----------+-------------------------------------------
     0 | D:1      | Gargoyl the Gargoyle Berserker began the quest for the Orb.
     0 | D:1      | Reached XP level 1. HP: 14/14 MP: 1/1
    48 | D:1      | Found Vuneaklau's Assorted Antiques.
   129 | D:1      | Reached XP level 2. HP: 15/19 MP: 2/2
   510 | D:1      | Reached ** piety under Trog
   511 | D:1      | Reached XP level 3. HP: 24/24 MP: 3/3
  1069 | D:2      | Identified the +7 short sword of Crystal {drain, *Noise rN+
                  | Str+3 SInv}
  1375 | D:2      | Reached XP level 4. HP: 29/29 MP: 4/4
  1437 | D:3      | Reached skill level 1 in Stealth
  1438 | D:3      | Found a runed translucent gate.
  1438 | D:3      | Found a runed translucent gate.
  1440 | D:3      | Found a runed translucent gate.
  1444 | D:3      | Noticed grizmgrazm2's ghost (amateur DjFE)
  1465 | D:3      | Gained mutation: You have a pair of small horns on your
                  | head. [potion of mutation]
  1465 | D:3      | Gained mutation: You passively map a small area around you.
                  | [potion of mutation]
  1465 | D:3      | Gained mutation: You are robust. (+10% HP) [potion of
                  | mutation]
  1465 | D:3      | Incinerated by a bombardier beetle

Illustrated notes

Levels and vault maps discovered:
D:1:      minmay_arrival_doors, layout_basic, serial_shops, nicolae_shop_stone
D:2:      layout_rooms
D:3:      minmay_roachtagon, layout_loops_ring, ebering_ghost_rock_garden

Skill      XL: |  1  2  3  4 |
---------------+-------------+-----
Axes           | 3 |  3.7
Dodging        | 2 |  2.2
Stealth        | 1 |  1.0
Fighting       | |  3.8
Armour         | |  2.3

Action                     |  1- 3 |  4- 6 || total
---------------------------+-------+-------++-------
  Melee: Hand axe          |   122 |    30 ||   152
         Punch             |     1 |       ||     1
 Invoke: Berserk           |     1 |     1 ||     2
         Trog's Hand       |       |     1 ||     1
    Use: Scroll            |     2 |     3 ||     5
         Potion            |       |     4 ||     4
   Stab: Sleeping          |     3 |       ||     3
 Armour: Animal skin       |    67 |       ||    67
         Scale mail        |     6 |    12 ||    18
  Dodge: Dodged            |    85 |    26 ||   111

Table legend: (Time is in decaauts)
 A = Elapsed time spent in this place.
 B = Non-inter-level travel time spent in this place.
 C = Inter-level travel time spent in this place.
 D = Time resting spent in this place.
 E = Time spent auto-exploring this place.
 F = Levels seen in this place.
 G = Mean time per level.
                   A        B        C        D        E       F      G
               +--------+--------+--------+--------+--------+-----+--------+
         Total |   1495 |   1495 |      0 |      0 |   1021 |   3 |  498.3 |
       Dungeon |   1495 |   1495 |      0 |      0 |   1021 |   3 |  498.3 |
               +--------+--------+--------+--------+--------+-----+--------+

Top non-repeatable levels by time:
     D:1: 948 daAuts
     D:2: 470 daAuts
     D:3: 77 daAuts
